 Dungeon Crawl Stone Soup version 0.23.0 (webtiles) character file.

Game seed: 7290600398148086173

4346 swicky the Cleaver (level 10, 0/86 HPs)
             Began as a Minotaur Berserker on Feb 12, 2019.
             Was a Priest of Trog.
             Slain by a queen bee (12 damage)
             ... on level 8 of the Dungeon.
             The game lasted 00:39:21 (5766 turns).

swicky the Cleaver (Minotaur Berserker)             Turns: 5766, Time: 00:39:22

Health: 0/86       AC: 16    Str: 21    XL:     10   Next: 12%
Magic:  9/9        EV:  9    Int:  4    God:    Trog [***...]
Gold:   479        SH:  0    Dex: 14    Spells: 9/9 levels left

rFire    . . .     SeeInvis .   N - +0 battleaxe
rCold    . . .     Gourm    +   (shield currently unavailable)
rNeg     . . .     Faith    .   O - +0 plate armour
rPois    .         Spirit   .   (helmet restricted)
rElec    .         Reflect  .   (no cloak)
rCorr    .         Harm     .   K - +0 pair of gloves
MR       +++..                  k - +0 pair of boots
Stlth    ..........             x - amulet of the gourmand
HPRegen  1.24/turn              g - ring of flight
MPRegen  0.11/turn              n - ring of protection from magic

@: lethally poisoned (0 -> -6), about to teleport, berserk cooldown,
regenerating, slowed, very slow
A: retaliatory headbutt, horns 2
a: Berserk, Trog's Hand, Renounce Religion, Evoke Flight


You were on level 8 of the Dungeon.
You worshipped Trog.
Trog was most pleased with you.
You were very full.

You visited 1 branch of the dungeon, and saw 8 of its levels.

You collected 479 gold pieces.

Inventory:

Hand Weapons
 a - a +0 hand axe
 t - a +0 whip
 H - a +1 halberd of venom
 L - a +0 war axe (quivered)
 N - a +0 battleaxe (weapon)
Armour
 b - a +0 animal skin
 f - a +0 ring mail
 k - a +0 pair of boots (worn)
 l - a +0 plate armour
 w - a +0 scale mail
 y - a +0 buckler
 C - a +2 leather armour of magic resistance
 K - a +0 pair of gloves (worn)
 O - a +0 plate armour (worn)
Jewellery
 g - a ring of flight (left hand)
 n - a ring of protection from magic (right hand)
 x - an amulet of the gourmand (around neck)
Wands
 A - a wand of iceblast (8)
 J - a wand of scattershot (5)
Scrolls
 d - a scroll of fear {unknown}
 e - 4 scrolls of magic mapping {unknown}
 h - 5 scrolls of teleportation
 i - 2 scrolls of fog {unknown}
 o - a scroll of amnesia {unknown}
 p - 2 scrolls of noise {unknown}
 q - a scroll of blinking {unknown}
 r - 2 scrolls of enchant armour {unknown}
 B - 3 scrolls of remove curse {unknown}
 E - a scroll of random uselessness {unknown}
 G - 2 scrolls of identify
 M - a scroll of torment {unknown}
 Q - a scroll of silence {unknown}
Potions
 j - a potion of heal wounds {unknown}
 m - a potion of invisibility
 s - 2 potions of might {unknown}
 u - a potion of mutation {unknown}
 v - 4 potions of flight {unknown}
 z - 6 potions of lignification {unknown}
 D - 2 potions of brilliance {unknown}
 F - a potion of degeneration {unknown}
 I - a potion of cancellation {unknown}
Comestibles
 c - 14 rations


   Skills:
 + Level 7.3 Fighting
 * Level 11.4(12.3) Axes
 + Level 7.5(10.5) Polearms
 + Level 8.5 Armour
 + Level 4.6 Dodging
 + Level 0.3 Stealth
 + Level 1.1 Shields


You had 9 spell levels left.
You didn't know any spells.
Your spell library contained the following spells:

 Spells                   Type           Power        Failure   Level  Hunger
 Animate Skeleton         Necr           N/A          100%        1    ##.....
 Pain                     Necr           #...         100%        1    ##.....
 Regeneration             Chrm/Necr      #.........   100%        3    ####...
 Vampiric Draining        Necr           #.........   100%        3    ####...
 Animate Dead             Necr           N/A          100%        4    #####..


Dungeon Overview and Level Annotations

Branches:
Dungeon (8/15)             Temple (0/1) D:6
   Lair: D:8-11

Altars:
Hepliaklqana
Vehumet
Wu Jian
Xom

Shops:
D:6 :


Innate Abilities, Weirdness & Mutations

You reflexively headbutt those who attack you in melee.
You have a pair of horns on your head.


Message History

The killer bee stings you but does no damage.
The killer bee stings you.
* * * LOW HITPOINT WARNING * * *
You are more poisoned.
The killer bee poisons you! The killer bee stings you.
* * * LOW HITPOINT WARNING * * *
You are more poisoned.
The killer bee poisons you! The killer bee barely misses you.
You furiously retaliate!
You headbutt the killer bee!
You kill the killer bee!
Trog accepts your kill.
The killer bee stings you but does no damage.
The killer bee stings you!
* * * LOW HITPOINT WARNING * * *
The queen bee stings you but does no damage.
The two-headed ogre barely misses you. x2; The killer bee barely misses you.
You furiously retaliate!
You headbutt the killer bee, but do no damage.
The queen bee stings you!
You die...

## #..........
###.###..........
#................
##...............
##.........##...
##..†.#...##...
#††.###.......
#..#..†.y......
#.=.....@O...##
#........y†.###
##...........#
########..##.#
#y.# %# #..# .#
#..# % #...


You could see a two-headed ogre, a queen bee and 2 killer bees.

Vanquished Creatures
  A komodo dragon (D:7)
  Grinder (D:3)
  A hippogriff (D:7)
  Sigmund (D:4)
  Eustachio (D:4)
  A sky beast (D:6)
  An ice beast (D:6)
  2 orc warriors
  A necrophage (D:8)
  2 phantoms
  A black bear (D:8)
  2 ogres (D:7)
  2 centaurs (D:8)
  3 bullfrogs
  3 elf skeletons (D:6)
  2 scorpions (D:4)
  18 killer bees (D:8)
  6 crimson imps
  3 hounds
  A jelly (D:5)
  2 centaur skeletons (D:4)
  4 orc priests
  3 bullfrog skeletons
  4 orc wizards
  2 iguanas
  Jessica (D:3)
  3 worker ants
  Natasha (thrice) (D:4)
  A hound zombie (D:5)
  7 adders
  A howler monkey skeleton (D:8)
  2 adder skeletons
  4 worms
  A dart slug (D:2)
  7 leopard geckos
  19 orcs
  2 bat zombies (D:2)
  6 giant cockroaches
  9 hobgoblins
  10 jackals
  6 kobolds
  4 quokkas
  3 ball pythons
  5 bats
  4 frilled lizards
  9 goblins
  A leopard gecko skeleton (D:6)
  2 orc skeletons (D:6)
  An orc zombie (D:6)
  A quokka skeleton (D:6)
  3 rats
183 creatures vanquished.

Notes
Turn   | Place    | Note
-------+----------+-------------------------------------------
     0 | D:1      | swicky the Minotaur Berserker began the quest for the Orb.
     0 | D:1      | Reached XP level 1. HP: 19/19 MP: 0/0
   498 | D:1      | Reached skill level 4 in Axes
   595 | D:1      | Reached XP level 2. HP: 27/27 MP: 1/1
  1050 | D:2      | Reached XP level 3. HP: 32/33 MP: 2/2
  1141 | D:2      | Reached ** piety under Trog
  1533 | D:2      | Reached XP level 4. HP: 27/41 MP: 3/3
  1877 | D:3      | Reached skill level 5 in Axes
  1971 | D:3      | Noticed Grinder
  1992 | D:3      | Killed Grinder
  1992 | D:3      | Reached skill level 6 in Axes
  1992 | D:3      | Reached XP level 5. HP: 47/47 MP: 4/4
  1992 | D:3      | Reached XP level 6. HP: 55/55 MP: 5/5
  2294 | D:3      | Noticed Jessica
  2301 | D:3      | Killed Jessica
  2304 | D:3      | Reached skill level 7 in Axes
  2421 | D:4      | Reached *** piety under Trog
  2422 | D:4      | Noticed Natasha
  2434 | D:4      | Killed Natasha
  2434 | D:4      | Reached skill level 5 in Fighting
  2478 | D:4      | Reached XP level 7. HP: 55/61 MP: 6/6
  2540 | D:4      | Reached skill level 5 in Armour
  2607 | D:4      | Noticed Sigmund
  2633 | D:4      | Killed Sigmund
  2633 | D:4      | Reached skill level 8 in Axes
  2762 | D:4      | Found a hazy altar of Hepliaklqana.
  2762 | D:4      | Noticed Eustachio
  2775 | D:4      | Killed Eustachio
  2775 | D:4      | Reached XP level 8. HP: 70/70 MP: 7/7
  2825 | D:4      | Noticed Natasha
  2833 | D:4      | Killed Natasha
  2933 | D:4      | Noticed Natasha
  2943 | D:4      | Killed Natasha
  3165 | D:5      | Entered Level 5 of the Dungeon
  3260 | D:5      | Found an ornate altar of the Wu Jian Council.
  3267 | D:5      | Found a shimmering altar of Xom.
  3268 | D:5      | Found a radiant altar of Vehumet.
  3279 | D:5      | Reached skill level 9 in Axes
  3771 | D:6      | Reached skill level 1 in Shields
  4117 | D:6      | Found a staircase to the Ecumenical Temple.
  4136 | D:6      | Reached skill level 10 in Axes
  4161 | D:6      | Found Fogoliema's Book Emporium.
  4707 | D:6      | Reached XP level 9. HP: 77/77 MP: 8/8
  4774 | D:7      | Reached skill level 1 in Polearms
  4817 | D:7      | Noticed a komodo dragon
  4827 | D:7      | Killed a komodo dragon
  5077 | D:7      | Reached skill level 11 in Axes
  5399 | D:8      | Reached skill level 5 in Polearms
  5743 | D:8      | Reached XP level 10. HP: 86/86 MP: 9/9
  5758 | D:8      | Noticed a two-headed ogre
  5766 | D:8      | Slain by a queen bee

Skill      XL: |  1  2  3  4  5  6  7  8  9 10 |
---------------+-------------------------------+-----
Axes           | 4 6 7 8 10 11 | 11.4
Fighting       | 4 5 6 7 |  7.3
Armour         | 3 4 6 7 8 |  8.5
Dodging        | 3 4 |  4.6
Shields        | 1 |  1.1
Polearms       | 6 7 |  7.5
Stealth        | |  0.3

Action                   |  1- 3 |  4- 6 |  7- 9 | 10-12 || total
-------------------------+-------+-------+-------+-------++-------
Melee: Hand axe          |    98 |    95 |   188 |       ||   381
       Headbutt          |    19 |    19 |    69 |     6 ||   113
       Halberd           |       |       |   129 |       ||   129
       Battleaxe         |       |       |    24 |    18 ||    42
Invok: Trog's Hand       |     1 |     3 |    16 |     1 ||    21
       Berserk           |     1 |     3 |    13 |       ||    17
Evoke: Wand              |       |       |     1 |       ||     1
  Use: Scroll            |       |     1 |     4 |     1 ||     6
       Potion            |       |       |     5 |       ||     5
  Eat: Chunk             |     2 |     2 |    25 |       ||    29
       Ration            |       |     2 |     3 |       ||     5
Armor: Ring mail         |    28 |    12 |       |       ||    40
       Scale mail        |       |    16 |    16 |       ||    32
       Plate armour      |       |       |   204 |    31 ||   235
Dodge: Dodged            |    53 |    45 |   126 |    24 ||   248
Block: Buckler           |       |       |    21 |       ||    21
